 Dungeon Crawl Stone Soup version 0.24-a0-441-g27f0392 (webtiles) character file.

Game seed: 1394753257019652762

7 pkoi the Insei (level 1, -2/15 HPs)
             Began as a Demonspawn Transmuter on June 19, 2019.
             Slain by a kobold
             ... wielding a +0 short sword
              (5 damage)
             ... on level 1 of the Dungeon.
             The game lasted 00:00:21 (57 turns).

pkoi the Insei (Demonspawn Transmuter)                Turns: 57, Time: 00:00:21

Health: -2/15      AC:  2    Str: 10    XL:     1   Next: 83%
Magic:  3/3        EV: 12    Int: 14    God:
Gold:   17         SH:  0    Dex: 13    Spells: 3/4 levels left

rFire    . . .     SeeInvis .     - Unarmed
rCold    . . .     Gourm    .   (no shield)
rNeg     . . .     Faith    .   b - +0 robe
rPois    .         Spirit   .   (no helmet)
rElec    .         Reflect  .   (no cloak)
rCorr    .         Harm     .   (no gloves)
MR       .....                  (no boots)
Stlth    +.........             (no amulet)
HPRegen  0.05/turn              (no ring)
MPRegen  0.08/turn              (no ring)

@: very slightly contaminated
A: no striking features
a: no special abilities


You were on level 1 of the Dungeon.
You were not hungry.

You visited 1 branch of the dungeon, and saw 1 of its levels.

You collected 17 gold pieces.

Inventory:

Missiles
 a - 12 arrows
Armour
 b - a +0 robe (worn)
Comestibles
 c - 2 chunks of flesh
 d - a ration


   Skills:
 - Level 1.0 Fighting
 - Level 1.7 Dodging
 + Level 2.9 Unarmed Combat
 - Level 2.0 Spellcasting
 + Level 2.1 Transmutations


You had 3 spell levels left.
You knew the following spells:

 Your Spells              Type           Power        Failure   Level  Hunger
a - Beastly Appendage     Tmut           #.....       10%         1    ##.....

Your spell library contained the following spells:

 Spells                   Type           Power        Failure   Level  Hunger
 Sticks to Snakes         Tmut           #.......     16%         2    ###....
 Spider Form              Tmut/Pois      #.........   43%         3    ####...
 Ice Form                 Ice/Tmut       #.......     83%         4    #####..
 Blade Hands              Tmut           #.........   95%         5    ######.


Dungeon Overview and Level Annotations

Branches:
Dungeon (1/15)

Altars:


Message History

The goblin is moderately wounded.
A kobold comes into view. It is wielding a +0 short sword.
The goblin hits you but does no damage.
You closely miss the goblin. You punch the goblin.
You kill the goblin!
Things that are here:
a +0 dagger; a goblin corpse The kobold closely misses you.
There is a stone staircase leading down here.
You hit the kobold but do no damage.
The kobold hits you with a +0 short sword.
* * * LOW HITPOINT WARNING * * *
You hit the kobold.
The kobold is moderately wounded.
The kobold hits you with a +0 short sword.
* * * LOW HITPOINT WARNING * * *
You hit the kobold but do no damage.
The kobold is moderately wounded.
The kobold hits you with a +0 short sword.
You die...

............... ....
..........
............... ..
...$...(......... ..
.................. ..
........#........ ##.
........K....... ...
##.#... #@.......
..#.####..#.####........
................).......
#####..#........).......
#P#P#..................#
.......................#
.......................#
.........((............#
#P#P###................#


You could see a kobold.

Vanquished Creatures
  A bat (D:1)
  A giant cockroach (D:1)
  2 goblins (D:1)
  A kobold (D:1)
5 creatures vanquished.

Notes
Turn   | Place    | Note
-------+----------+-------------------------------------------
     0 | D:1      | pkoi the Demonspawn Transmuter began the quest for the Orb.
     0 | D:1      | Reached XP level 1. HP: 15/15 MP: 3/3
    57 | D:1      | Slain by a kobold

Levels and vault maps discovered:
D:1:      minmay_arrival_plants_in_alcoves, layout_rooms,
          chequers_serial_rivers_micro_d, serial_bayou_pond_a, minmay_tall_x

Skill      XL: |  1 |
---------------+----+-----
Transmutations | 2 |  2.1
Fighting       | |  1.0
Dodging        | |  1.7
Unarmed Combat | |  2.9
Spellcasting   | |  2.0

Action                   || total
-------------------------++-------
Melee: Unarmed           ||    22
       Punch             ||     1
 Cast: Beastly Appendage ||     1
Armor: Robe              ||     5
Dodge: Dodged            ||    16

Table legend:
 A = Non-vault XP
 B = Vault XP
 C = Vault XP percentage of total XP
 D = Non-vault monster count
 E = Vault monster count
 F = Vault count percentage of total count
                 A         B        C        D         E       F
            +---------+---------+-------+---------+---------+-------
      Total |      10 |       0 |   0.0 |       5 |       0 |   0.0
            +---------+---------+-------+---------+---------+-------
        D:1 |      10 |       0 |   0.0 |       5 |       0 |   0.0
            +---------+---------+-------+---------+---------+-------
